 Seeded DCSS version 0.29-a0-998-g1987434951 (webtiles) character file.

Game seed: 13828508615940975902 (custom seed)

15411 mathmaestro the Merchant of Misery (level 12, 60/97 HPs)
             Began as a Demonspawn Necromancer on Aug 1, 2022.
             Was a Believer of Kikubaaqudgha.
             Quit the game on level 1 of the Lair of Beasts on Aug 5, 2022.
             The game lasted 00:42:54 (17431 turns).

mathmaestro the Merchant of Misery (DsNe)          Turns: 17431, Time: 00:42:54

Health: 60/97      AC:  7    Str: 12    XL:     12   Next: 1%
Magic:  4/25       EV: 10    Int: 22    God:    Kikubaaqudgha [**....]
Gold:   51         SH: 14    Dex: 13    Spells: 8/29 levels left

rFire   . . .      SeeInvis .   t - +2 dagger (venom)
rCold   + . .      Faith    .   i - +0 kite shield
rNeg    + . .      Spirit   +   f - +0 leather armour {rC+}
rPois   +          Reflect  +   (helmet unavailable)
rElec   .          Harm     .   g - scarf {shadows}
rCorr   .          Rampage  .   (no gloves)
Will    .....                   (no boots)
Stlth   +++.......              c - amulet of reflection
HPRegen 0.26/turn               a - ring of the City {rPois rN+ Str+3 Stlth+}
MPRegen 0.38/turn               d - +4 ring of protection

@: animating dead
A: horns 3, spiny 1, magic shield, magic regeneration
a: Renounce Religion, Unearth Wretches


You were on level 1 of the Lair of Beasts.
You worshipped Kikubaaqudgha.
Kikubaaqudgha was pleased with you.
You visited 3 branches of the dungeon, and saw 12 of its levels.

You collected 446 gold pieces.
You spent 395 gold pieces at shops.

Inventory:

Hand Weapons
 t - a +2 dagger of venom (weapon)
 H - a +4 long sword of flaming
Missiles
 z - 3 boomerangs (quivered)
Armour
 f - a +0 leather armour of cold resistance (worn)
 g - a scarf of shadows (worn)
 i - a +0 kite shield (worn)
 A - the +8 chain mail "Tiamebla" {rC+}
   (You found it on level 8 of the Dungeon)

   rC:        It protects you from cold.
Jewellery
 a - the ring of the City (left hand) {rPois rN+ Str+3 Stlth+}
   (You acquired it on level 6 of the Dungeon)

   [ring of positive energy]

   Str:       It affects your strength (+3).
   rPois:     It protects you from poison.
   rN:        It protects you from negative energy.
   Stlth:     It makes you more stealthy.
 c - an amulet of reflection (around neck)
 d - a +4 ring of protection (right hand)
 h - a +6 ring of strength
 k - a +4 ring of evasion
 l - a ring of ice
 w - an amulet of the acrobat
 y - a ring of willpower
 D - a ring of protection from fire
Scrolls
 m - 5 scrolls of enchant armour
 p - 2 scrolls of teleportation
 s - 4 scrolls of amnesia
 E - a scroll of enchant weapon
 F - a scroll of blinking
Potions
 b - 3 potions of magic
 e - 2 potions of might
 j - a potion of cancellation
 n - 2 potions of haste
 o - 3 potions of flight
 q - a potion of heal wounds
 u - 3 potions of berserk rage {unknown}
 v - a potion of brilliance {unknown}
 x - 3 potions of degeneration {unknown}
 C - a potion of curing
 G - a potion of mutation {unknown}


   Skills:
 + Level 9.7 Fighting
 - Level 5.0 Armour
 - Level 2.0 Dodging
 - Level 2.0 Stealth
 + Level 4.4 Shields
 + Level 9.3 Spellcasting
 + Level 4.8 Hexes
 + Level 11.5 Necromancy
 + Level 3.9 Translocations


You had 8 spell levels left.
You knew the following spells:

 Your Spells              Type           Power      Damage    Failure   Level
a - Necrotise             Necr           100%       1d9       1%          1
b - Vampiric Draining     Necr           57%        2d10      1%          3
c - Animate Dead          Necr           57%        N/A       1%          4
d - Agony                 Necr           57%        N/A       6%          5
e - Sublimation of Blood  Necr           57%        N/A       1%          2
f - Anguish               Hex/Necr       23%        N/A       9%          4
g - Blink                 Tloc           54%        N/A       7%          2

Your spell library contained the following spells:

 Spells                   Type           Power      Damage    Failure   Level
 Lesser Beckoning         Tloc           27%        N/A       14%         3
 Manifold Assault         Tloc           27%        N/A       78%         5
 Petrify                  Tmut/Erth      10%        N/A       93%         4
 Fireball                 Conj/Fire      5%         3d5       100%        5
 Irradiate                Conj/Tmut      5%         3d13      100%        5
 Iskenderun's Battlesphe  Conj           10%        2d6       100%        5
 Conjure Ball Lightning   Conj/Air       5%         3x3d6     100%        6
 Orb of Destruction       Conj           5%         9d5       100%        7
 Discord                  Hex            15%        N/A       100%        8
 Disjunction              Tloc           13%        N/A       100%        8


Dungeon Overview and Level Annotations

Branches:
Dungeon (10/15)            Temple (1/1) D:6            Lair (1/5) D:8
    Orc: D:9-12

Altars:
Ashenzari
Cheibriados
Dithmenos
Fedhas
Gozag
Hepliaklqana
Kikubaaqudgha
Makhleb
Nemelex Xobeh
Okawaru
Qazlal
Ru
Sif Muna
Trog
Uskayaw
Vehumet
Wu Jian
Xom
Yredelemnul
Jiyva

Shops:
D:7 (   D:8 *


Innate Abilities, Weirdness & Mutations

You have a pair of large horns on your head.
You are partially covered in sharp spines.
When hurt, damage is shared between your health and your magic reserves.
You regenerate magic rapidly.


Message History

Unknown command.
You hit the blink frog.
The blink frog looks as sick as possible!
The blink frog is lightly wounded.
The blink frog completely misses you.
The blink frog hits your polar bear zombie.
You block the blink frog's attack.
Your polar bear zombie barely misses the blink frog.
Your polar bear zombie completely misses the blink frog.
Your polar bear zombie barely misses the blink frog.
Casting: Necrotise (safe; 1% risk of failure)
Confirm with . or Enter, or press ? or * to list all spells.
Aiming: Vampiric Draining (safe; 1% risk of failure)
Press: ? - help, Shift-Dir - straight line, f - blink frog, p - blink frog
Aim: a blink frog (moderately wounded, extremely poisoned)
You draw life force from the blink frog!!
You feel life coursing into your body!
The blink frog barely misses your polar bear zombie.
The blink frog blinks!
The blink frog hits you.
The blink frog barely misses your polar bear zombie.
Unknown command.
Casting: Vampiric Draining (safe; 1% risk of failure)
Confirm with . or Enter, or press ? or * to list all spells.
Aiming: Vampiric Draining (safe; 1% risk of failure)
Press: ? - help, Shift-Dir - straight line, f - blink frog, p - blink frog
Aim: a blink frog (almost dead)
Okay, then.
You hit the blink frog.
The blink frog is poisoned.
You headbutt the blink frog.
You kill the blink frog!
Kikubaaqudgha accepts your kill.
The dead are hopping!
The blink frog blinks!
Your polar bear zombie barely misses the blink frog.
Your polar bear zombie claws the blink frog.
Your polar bear zombie completely misses the blink frog.
The blink frog hits your polar bear zombie but does no damage.
You have reached level 12!
You feel stronger.
Your demonic ancestry asserts itself...
Sharp spines emerge from parts of your body.
Are you sure you want to abandon this character and quit the game? (Confirm with "yes".)

######....#
...###..#.#....#
.................#
........F........#
.................#
.....#..§P..#.####
.........#.#..#.##
.................#
........@..ZF....#
........Z........#
.........#.......P#
.........###.#.####
.........# #####
##P.P#.### #######


You could see 2 blink frogs, a friendly blink frog zombie and a friendly polar
bear zombie.

Vanquished Creatures
  2 two-headed ogres
  Pikel (D:4)
  5 cane toads (Lair:1)
  2 trolls
  A polar bear (Lair:1)
  A blink frog (Lair:1)
  A slime creature (D:8)
  2 dream sheep (Lair:1)
  Sigmund (D:5)
  4 wyverns
  5 yaks
  A steam dragon (D:8)
  3 water moccasins
  A black bear (D:7)
  An ice beast (D:7)
  2 sky beasts
  3 ogres
  9 wolves
  5 centaurs
  A lemure (D:4)
  A phantom (D:6)
  8 bullfrogs
  3 gnoll sergeants
  2 necrophages
  3 scorpions
  3 wights
  14 killer bees
  4 electric eels
  5 hounds
  4 jellies
  A gnoll bouda (D:7)
  7 orc wizards
  25 gnolls
  9 adders
  3 shadow imps
  3 white imps
  A worm (D:2)
  2 dart slugs
  17 orcs
  6 endoplasms
  4 giant cockroaches
  9 goblins
  6 hobgoblins
  2 jackals (D:4)
  11 kobolds
  2 quokkas
  10 ball pythons
  9 bats
  A frilled lizard (D:3)
  8 rats
234 creatures vanquished.

Vanquished Creatures (collateral kills)
  A boulder beetle (D:10)
  A cane toad (Lair:1)
  A polar bear (Lair:1)
  A yak (D:10)
  Eustachio (D:5)
  A basilisk (Lair:1)
  2 wolves (Lair:1)
  An ogre (D:4)
  2 bullfrogs
  A killer bee (D:9)
  A gnoll (D:9)
  An ufetubus (D:5)
  A dart slug (D:1)
  An orc (D:4)
  3 goblins
  A jackal (D:4)
  A bat (D:3)
  A rat (D:1)
22 creatures vanquished.

Vanquished Creatures (others)
  A two-headed ogre (D:9)
  The ghost of Yogidamonk the Nimble, a novice MiHu of Cheibriados (D:8)
  A cane toad (Lair:1)
  Maggie (D:9)
  2 yaks (D:10)
  A water moccasin (Lair:1)
  3 wolves (Lair:1)
  A water moccasin zombie (Lair:1)
  2 wights
  2 yak zombies (D:10)
  5 wolf zombies (Lair:1)
  3 killer bee zombies (D:9)
  An ice beast zombie (D:7)
  2 jelly zombies (D:8)
  6 gnoll zombies
  A goblin zombie (D:4)
  A hobgoblin zombie (D:4)
  2 jackal zombies (D:4)
  A kobold zombie (D:4)
  An orc zombie (D:4)
  2 fungi (Lair:1)
  14 plants
54 creatures vanquished.

Grand Total: 310 creatures vanquished

Notes
Turn   | Place    | Note
-------+----------+-------------------------------------------
     0 | D:1      | mathmaestro the Demonspawn Necromancer began the quest for
                  | the Orb.
     0 | D:1      | Reached XP level 1. HP: 13/13 MP: 3/3
   336 | D:1      | Found a faded altar of an unknown god.
   350 | D:1      | Gained mutation: You have a pair of small horns on your
                  | head. [demonic ancestry]
   350 | D:1      | Reached XP level 2. HP: 20/20 MP: 0/5
   662 | D:1      | Reached skill level 1 in Fighting
   805 | D:1      | Gained mutation: You have a pair of horns on your head.
                  | [demonic ancestry]
   805 | D:1      | Reached XP level 3. HP: 26/26 MP: 3/6
  1508 | D:2      | Reached skill level 5 in Necromancy
  1635 | D:2      | Gained mutation: You have a pair of large horns on your
                  | head. [demonic ancestry]
  1635 | D:2      | Reached XP level 4. HP: 21/33 MP: 2/8
  1741 | D:2      | Learned a level 3 spell: Vampiric Draining
  1746 | D:2      | Learned a level 4 spell: Animate Dead
  2680 | D:3      | Found a basalt altar of Yredelemnul.
  2716 | D:3      | Reached skill level 1 in Armour
  3005 | D:3      | Reached XP level 5. HP: 38/38 MP: 5/9
  3444 | D:4      | Noticed an ogre
  3476 | D:4      | Killed an ogre
  3666 | D:4      | Noticed a lemure
  3690 | D:4      | Killed a lemure
  3747 | D:4      | Gained mutation: You regenerate magic rapidly. [demonic
                  | ancestry]
  3747 | D:4      | Reached XP level 6. HP: 9/46 MP: 3/10
  3752 | D:4      | HP: 1/46 [gnoll/+0 halberd (7)]
  3760 | D:4      | HP: 1/46 [gnoll/+0 halberd (3)]
  4550 | D:4      | Noticed Pikel
  4563 | D:4      | Killed Pikel
  4564 | D:4      | Reached skill level 6 in Necromancy
  4564 | D:4      | Reached XP level 7. HP: 35/52 MP: 11/13
  4905 | D:4      | Learned a level 5 spell: Agony
  4944 | D:5      | Entered Level 5 of the Dungeon
  4993 | D:5      | Noticed Eustachio
  5380 | D:5      | Reached XP level 8. HP: 52/60 MP: 9/14
  5464 | D:5      | Killed Eustachio
  5465 | D:5      | Reached skill level 5 in Armour
  5836 | D:5      | Reached skill level 7 in Necromancy
  5931 | D:5      | Reached skill level 5 in Spellcasting
  6222 | D:5      | Reached skill level 5 in Fighting
  6228 | D:5      | Noticed Sigmund
  6236 | D:5      | Killed Sigmund
  6331 | D:6      | Found a broken altar of Ashenzari.
  6451 | D:6      | Found a staircase to the Ecumenical Temple.
  6466 | D:6      | Reached XP level 9. HP: 64/69 MP: 17/17
  6474 | Temple   | Entered the Ecumenical Temple
  6599 | Temple   | Became a worshipper of Kikubaaqudgha
  6798 | D:6      | Found an opulent altar of Gozag.
  6804 | D:6      | Reached skill level 8 in Necromancy
  6805 | D:6      | Found a stormy altar of Qazlal.
  6805 | D:6      | Found a radiant altar of Vehumet.
  6805 | D:6      | Found a shimmering altar of Xom.
  6917 | D:6      | Identified a scroll of acquirement
  6917 | D:6      | Acquired the ring of the City {rPois rN+ Str+3 Stlth+}
  6925 | D:6      | Found a hazy altar of Hepliaklqana.
  6925 | D:6      | Found a burning altar of Makhleb.
  6926 | D:6      | Found a sacrificial altar of Ru.
  6994 | D:6      | Found a sparkling altar of Nemelex Xobeh.
  8483 | D:7      | Found a blossoming altar of Fedhas.
  8493 | D:7      | Found Tiabo's Weapon Emporium.
  8727 | D:8      | Noticed a troll
  8898 | D:8      | Reached skill level 9 in Necromancy
  8898 | D:8      | HP: 2/71 [killer bee (6)]
  9261 | D:8      | Found Nyqeisis's General Store.
  9264 | D:8      | Noticed a two-headed ogre
  9268 | D:8      | Bought a potion of curing for 42 gold pieces
  9268 | D:8      | Bought a scroll of teleportation for 42 gold pieces
  9268 | D:8      | Bought a scroll of identify for 28 gold pieces
  9295 | D:8      | Killed a two-headed ogre
  9319 | D:8      | HP: 2/70 [necrophage (3)]
  9345 | D:8      | Reached XP level 10. HP: 25/78 MP: 6/20
  9373 | D:8      | Identified the +8 chain mail "Tiamebla" {rC+}
 10026 | D:7      | Reached * piety under Kikubaaqudgha
 10026 | D:7      | Received a gift from Kikubaaqudgha
 10033 | D:7      | Learned a level 2 spell: Sublimation of Blood
 10251 | D:8      | Found a staircase to the Lair.
 10405 | D:8      | Reached skill level 10 in Necromancy
 10462 | D:8      | HP: 3/77 [wight/+0 great sword (1)]
 10953 | D:8      | Found a runed translucent gate.
 10956 | D:8      | Found a runed translucent gate.
 10957 | D:8      | Found a runed translucent gate.
 10958 | D:8      | Noticed Yogidamonk's ghost (novice MiHu)
 11114 | D:7      | Learned a level 4 spell: Anguish
 11574 | D:8      | Killed Yogidamonk's ghost
 11575 | D:8      | Reached skill level 1 in Shields
 11575 | D:8      | Reached skill level 1 in Hexes
 11910 | D:8      | Found a viscous altar of Jiyva.
 11988 | D:9      | Learned a level 2 spell: Blink
 12842 | D:8      | Reached skill level 1 in Translocations
 13313 | D:9      | Noticed Maggie
 13334 | D:9      | Killed Maggie
 13680 | D:9      | Gained mutation: When hurt, damage is shared between your
                  | health and your magic reserves. [demonic ancestry]
 13680 | D:9      | Reached XP level 11. HP: 68/87 MP: 13/23
 13795 | D:9      | Noticed a two-headed ogre
 13801 | D:9      | Killed a two-headed ogre
 14031 | D:9      | Reached ** piety under Kikubaaqudgha
 14645 | D:10     | Entered Level 10 of the Dungeon
 15030 | D:10     | Noticed a two-headed ogre
 15040 | D:10     | Killed a two-headed ogre
 15041 | D:10     | Reached skill level 11 in Necromancy
 15302 | D:10     | Noticed a boulder beetle
 15333 | D:10     | Killed a boulder beetle
 15826 | D:7      | Bought a +4 long sword of flaming for 283 gold pieces
 15869 | Lair:1   | Entered Level 1 of the Lair of Beasts
 17267 | Lair:1   | Upgraded the game from 0.29-a0-982-gaed3a0c8d8 to
                  | 0.29-a0-998-g1987434951
 17431 | Lair:1   | Gained mutation: You are partially covered in sharp spines.
                  | [demonic ancestry]
 17431 | Lair:1   | Reached XP level 12. HP: 60/97 MP: 4/25
 17431 | Lair:1   | Quit the game

Illustrated notes

Levels and vault maps discovered:
D:1:      dpeg_arrival_radiant, layout_loops_ring,
          hellmonk_ecumenical_altar_inner_sanctum, serial_forest,
          infiniplex_forest_lined_room_, infiniplex_forest_lined_corner,
          infiniplex_forest_lined_2, infiniplex_forest_lined_room_2,
          infiniplex_forest_clump_curved, infiniplex_forest_lined_3,
          serial_bayou_pond_b, minmay_tetromino_s4
D:2:      layout_loops_corners, serial_rivers, chequers_serial_rivers_micro_b,
          chequers_serial_rivers_large_a, chequers_serial_rivers_micro_e,
          chequers_serial_rivers_micro_c, chequers_serial_rivers_micro_c
D:3:      layout_basic, general_overflow_altar, grunt_ministairs_8
D:4:      layout_basic, minmay_misc_feat_secret_circle, uniq_pikel
D:5:      layout_rooms, minmay_misc_feat_square, uniq_sigmund, uniq_eustachio
D:6:      layout_basic, evilmike_ruin_ashenzari, nemelex_altar_shiori,
          grunt_temple_overflow_open
D:7:      layout_loops_ring, mainiacjoe_overflow_alcove_2, serial_shops, shop
D:8:      layout_basic, erik_lair_island, gammafunk_ghost_ooze, serial_shops,
          nicolae_diamond_shop, hellmonk_bongcloud_opening
D:9:      layout_layer_cave, uniq_maggie
D:10:     layout_grid_maze, tso_altar
Temple:   kb_temple_of_zot
Lair:1:   layout_gridlike, serial_bayou_shore_b, wad_woods_river_01

Skill      XL: |  1  2  3  4  5  6  7  8  9 10 11 |
---------------+----------------------------------+-----
Stealth        | 2 |  2.0
Dodging        | 2 |  2.0
Fighting       | 1 2 3 4 5 7 8 9 |  9.7
Necromancy     | 5 6 7 9 10 11 | 11.5
Armour         | 1 2 4 5 |  5.0
Spellcasting   | 3 4 5 7 8 9 |  9.3
Shields        | 2 4 |  4.4
Hexes          | 2 4 |  4.8
Translocations | 1 3 |  3.9

Action                   |  1- 3 |  4- 6 |  7- 9 | 10-12 || total
-------------------------+-------+-------+-------+-------++-------
Melee: Unarmed           |     8 |       |       |       ||     8
       Dagger            |    14 |    62 |   223 |   305 ||   604
       Headbutt          |     3 |    15 |    49 |    80 ||   147
       Punch             |     1 |       |     7 |     6 ||    14
Throw: Boomerang         |       |       |     1 |     1 ||     2
 Cast: Necrotise         |    53 |    66 |    61 |    63 ||   243
       Animate Dead      |       |     2 |     3 |     5 ||    10
       Vampiric Draining |       |     1 |    53 |    91 ||   145
       Anguish           |       |       |       |    13 ||    13
  Use: Scroll            |       |     2 |    11 |     4 ||    17
       Potion            |       |     3 |     3 |     4 ||    10
 Stab: Sleeping          |     4 |     2 |     3 |     3 ||    12
       Distracted        |     1 |       |       |     1 ||     2
Armor: Robe              |    13 |       |       |       ||    13
       Leather armour    |     2 |    20 |    97 |   116 ||   235
       Skin              |       |       |    58 |       ||    58
Dodge: Dodged            |    30 |    48 |   188 |   200 ||   466
Block: Other             |     6 |    10 |    71 |    87 ||   174
       Reflection        |       |       |     3 |       ||     3
       Kite shield       |       |       |       |   110 ||   110

Table legend: (Time is in decaauts)
 A = Elapsed time spent in this place.
 B = Non-inter-level travel time spent in this place.
 C = Inter-level travel time spent in this place.
 D = Time resting spent in this place.
 E = Time spent auto-exploring this place.
 F = Levels seen in this place.
 G = Mean time per level.
                   A        B        C        D        E       F      G
               +--------+--------+--------+--------+--------+-----+--------+
         Total |  17486 |  16706 |    780 |   5704 |   8129 |  12 | 1457.2 |
       Dungeon |  15747 |  15017 |    730 |   5152 |   7289 |  10 | 1574.7 |
        Temple |    153 |    104 |     49 |      0 |     98 |   1 |  153.0 |
          Lair |   1585 |   1585 |      0 |    552 |    742 |   1 | 1585.0 |
               +--------+--------+--------+--------+--------+-----+--------+

Top non-repeatable levels by time:
     D:8: 2790 daAuts
     D:9: 2505 daAuts
     D:4: 1969 daAuts
     D:7: 1604 daAuts
  Lair:1: 1585 daAuts
     D:6: 1573 daAuts
     D:2: 1377 daAuts
     D:1: 1245 daAuts
    D:10: 973 daAuts
     D:5: 880 daAuts
     D:3: 826 daAuts
  Temple: 153 daAuts
